Philadelphia Flyers vs Colorado Rockies

Created - Tuesday, September 23, 2025 at 08:43

Goals
1 2 3 T
Philadelphia Flyers 3 0 0 3
Colorado Rockies 0 1 0 1
Shots
1 2 3 T
Philadelphia Flyers 14 16 9 39
Colorado Rockies 10 8 9 27

1st period

1. Philadelphia Flyers , Jeff Skinner 14 (Brandon Duhaime 17, Cody Glass 21) at 9:47
2. Philadelphia Flyers , Louis Crevier 5 (Nick Blankenburg 12, Jeff Skinner 17) at 10:01 (PP)
3. Philadelphia Flyers , Thomas Novak 6 (Marcus Johansson 20, Nick Blankenburg 13) at 10:39

Penalties :
Nick Bonino (COL) for Interference (Minor) at 3:59, Victor Hedman (COL) for Slashing (Minor) at 9:50, Miles Wood (PHI) for Tripping (Minor) at 16:14

2nd period

4. Colorado Rockies , Nikita Kucherov 18 (Kyle Connor 9, Victor Hedman 20) at 2:33 (PP)

Penalties :
Joel Edmundson (PHI) for Interference (Minor) at 1:25, David Pastrnak (COL) for Tripping (Minor) at 5:10, Nick Blankenburg (PHI) for Delaying the game (Minor) at 5:51, Michael Bunting (COL) for Tripping (Minor) at 9:22, Evgeny Kuznetsov (COL) for Tripping (Minor) at 13:44

3rd period

No Goal

Penalties :
Quinn Hughes (COL) for High sticking (Minor) at 0:06, Michael Bunting (COL) for Slashing (Minor) at 3:57

Goalie Stats

Jake Allen (PHI), 26 saves from 27 shots - (0.963), W, 14-13-2, 60:00 minutes
Daniil Tarasov (COL), 36 saves from 39 shots - (0.923), L, 3-9-3, 60:00 minutes

Players Stats for Philadelphia Flyers

Player Name              G  A  P  +/- PIM S  H  SB GA TA FO     MP     PP MP  PK MP  
------------------------------------------------------------------------------------
Brandon Duhaime          0  1  1   1  0   1  1  0  1  1  0/1    10:59   0:19   1:45 
Casey Cizikas            0  0  0   0  0   0  0  0  0  0  0/1    11:37   0:30   0:00 
Cody Glass               0  1  1   1  0   3  3  0  1  1  9/12   15:55   5:01   0:28 
Colton Sissons           0  0  0   1  0   4  1  0  2  0  4/5    18:16   5:01   1:14 
J.J. Moser               0  0  0   1  0   0  1  1  0  0  0/0    16:26   0:35   0:41 
Jack McBain              0  0  0   0  0   3  2  1  0  0  0/0    12:00   0:19   1:29 
Jeff Skinner             1  1  2   1  0   3  3  1  1  0  0/0    15:40   5:01   0:28 
Joel Edmundson           0  0  0   2  2   2  1  0  1  0  0/0    21:18   5:30   0:51 
Juuso Parssinen          0  0  0   0  0   3  3  1  0  0  0/0    13:52   0:11   0:43 
Louis Crevier            1  0  1   0  0   2  1  1  0  0  0/0    21:23   4:42   1:26 
Luca Del Bel Belluz      0  0  0   0  0   6  0  0  2  0  12/18  15:28   5:16   0:00 
Marcus Johansson         0  1  1   1  0   3  2  0  1  0  0/0    17:18   5:16   0:00 
Miles Wood               0  0  0   0  2   2  0  0  2  0  0/0    13:08   0:11   0:00 
Nick Blankenburg         0  2  2   1  2   0  2  0  0  1  0/0    22:30   4:41   1:26 
Radek Faksa              0  0  0   0  0   1  0  1  0  0  10/15  13:23   0:00   1:29 
Thomas Novak             1  0  1   1  0   2  1  0  0  0  0/0    17:17   5:16   0:00 
Will Borgen              0  0  0   0  0   3  1  1  0  0  0/0    16:34   0:35   1:41 
Zac Jones                0  0  0   0  0   1  3  1  0  1  0/0    21:47   5:30   1:31 

Players Stats for Colorado Rockies

Player Name              G  A  P  +/- PIM S  H  SB GA TA FO     MP     PP MP  PK MP  
------------------------------------------------------------------------------------
Andrew Peeke             0  0  0   0  0   1  0  3  0  0  0/0    20:43   2:01   5:45 
David Pastrnak           0  0  0   0  2   1  1  0  0  0  0/1    12:50   2:08   0:00 
Evgeny Kuznetsov         0  0  0   0  2   0  1  0  0  0  1/9    10:54   0:00   0:00 
Jesper Bratt             0  0  0   0  0   2  2  1  0  0  1/1    16:53   1:27   2:28 
Kevin Hayes              0  0  0  -2  0   0  2  0  0  0  1/3    14:52   0:00   4:29 
Kyle Connor              0  1  1   0  0   3  1  0  1  0  0/0    17:54   2:21   4:57 
Kyle Palmieri            0  0  0   0  0   2  1  1  0  2  2/8    14:21   2:08   0:25 
Martin Fehervary         0  0  0  -2  0   0  0  6  0  2  0/0    24:06   1:47   5:02 
Michael Bunting          0  0  0  -2  4   3  3  2  1  2  0/0    15:33   0:00   2:16 
Nick Bonino              0  0  0   0  2   0  0  1  0  0  0/1    11:19   0:00   0:50 
Nick Schmaltz            0  0  0  -2  0   0  0  0  0  1  8/16   17:17   0:00   4:32 
Nikita Kucherov          1  0  1   0  0   5  1  1  0  0  0/0    11:16   1:40   0:00 
Philipp Kurashev         0  0  0   0  0   1  3  0  0  0  0/0    10:52   0:00   0:00 
Quinn Hughes             0  0  0   0  2   4  1  1  0  1  0/0    20:07   2:01   4:43 
Tim Stutzle              0  0  0   0  0   0  1  0  2  0  4/13   13:22   1:40   1:37 
Victor Hedman            0  1  1  -2  2   3  2  0  0  0  0/0    24:05   1:47   5:02 
Vince Dunn               0  0  0   0  0   2  0  2  0  2  0/0    15:11   0:00   0:00 
Zach Whitecloud          0  0  0   0  0   0  1  1  0  1  0/0    16:13   0:00   1:02 

3 Stars

1 - Jeff Skinner (PHI)
2 - Jake Allen (PHI)
3 - Thomas Novak (PHI)

Power Play

Philadelphia Flyers - 1 on 7 Attempt(s) - 14.29%
Colorado Rockies - 1 on 3 Attempt(s) - 33.33%

Penalty Kill

Philadelphia Flyers - 2 on 3 Attempt(s) - 66.67% - Score 0 goal in Penalty Kill
Colorado Rockies - 6 on 7 Attempt(s) - 85.71% - Score 0 goal in Penalty Kill

Team Stat

Philadelphia Flyers - Hits : 25 - Faceoff Wins : 35 - Blocked Shots : 8 - Penalty Minutes : 6
Colorado Rockies - Hits : 20 - Faceoff Wins : 17 - Blocked Shots : 19 - Penalty Minutes : 14

Official

Referees : Pierre Lambert and Conor O'Donnell
Linesman : James Tobias and Ben O'Quinn

Game Notes

No Game Note

Finance

Level 1 -- Attendance: 5321 (88.68%) -- Ticket Income $478,890
Level 2 -- Attendance: 4714 (94.28%) -- Ticket Income $259,270
Level 3 -- Attendance: 2349 (78.30%) -- Ticket Income $82,215
Level 4 -- Attendance: 3544 (70.88%) -- Ticket Income $88,600
Luxury Box -- Attendance: 916 (91.60%) -- Ticket Income $160,300
Game was played at the Pepsi Center.
Total Attendance: 16844 (84.22%)
Total Ticket Income: $1,069,275
Other Income: $374,246
Total Income: $1,443,521

Philadelphia Flyers

5 vs 5 Forward 
   Center                   Left Wing                Right Wing               Time % Phy DF OF 
 1 Colton Sissons           Thomas Novak             Marcus Johansson         25     1   2  2  
 2 Cody Glass               Jeff Skinner             Brandon Duhaime          25     1   2  2  
 3 Luca Del Bel Belluz      Jack McBain              Casey Cizikas            25     1   2  2  
 4 Radek Faksa              Juuso Parssinen          Miles Wood               25     1   2  2  

5 vs 5 Defense 
   Defense                  Defense                                           Time % Phy DF OF 
 1 Joel Edmundson           Nick Blankenburg                                  35     1   2  2  
 2 Zac Jones                J.J. Moser                                        35     1   2  2  
 3 Will Borgen              Louis Crevier                                     30     1   2  2  
 4 Joel Edmundson           Nick Blankenburg                                  0      1   2  2  

PowerPlay Forward 
   Center                   Left Wing                Right Wing               Time % Phy DF OF 
 1 Luca Del Bel Belluz      Thomas Novak             Marcus Johansson         50     1   2  2  
 2 Cody Glass               Jeff Skinner             Colton Sissons           50     1   2  2  

PowerPlay Defense
   Defense                  Defense                                           Time % Phy DF OF 
 1 Zac Jones                Joel Edmundson                                    50     1   2  2  
 2 Nick Blankenburg         Louis Crevier                                     50     1   2  2  

Penalty Kill 4 Players Forward 
   Center                   Wing                     Time % Phy DF OF 
 1 Colton Sissons           Brandon Duhaime          50     1   2  2  
 2 Radek Faksa              Jack McBain              50     1   2  2  

Penalty Kill 4 Players Defense
   Defense                  Defense                  Time % Phy DF OF 
 1 Louis Crevier            Nick Blankenburg         50     1   2  2  
 2 Will Borgen              Joel Edmundson           50     1   2  2  

Penalty Kill - 3 Players Forward 
   Forward                                           Time % Phy DF OF 
 1 Colton Sissons                                    50     1   2  2  
 2 Radek Faksa                                       50     1   2  2  

Penalty Kill - 3 Players Defense
   Defense                  Defense                  Time % Phy DF OF 
 1 Louis Crevier            Nick Blankenburg         50     1   2  2  
 2 Will Borgen              Joel Edmundson           50     1   2  2  

4 vs 4 Forward 
   Center                   Wing                     Time % Phy DF OF 
 1 Colton Sissons           Thomas Novak             50     1   2  2  
 2 Cody Glass               Jeff Skinner             50     1   2  2  

4 vs 4 Defense
   Defense                  Defense                  Time % Phy DF OF 
 1 Joel Edmundson           Nick Blankenburg         50     1   2  2  
 2 Zac Jones                J.J. Moser               50     1   2  2  

Last Minutes Offensive
   Center                   Left Wing                Right Wing               Defense                  Defense                  
   Luca Del Bel Belluz      Thomas Novak             Jeff Skinner             Nick Blankenburg         Louis Crevier            

Last Minutes Defensive
   Center                   Left Wing                Right Wing               Defense                  Defense                  
   Colton Sissons           Brandon Duhaime          Radek Faksa              Louis Crevier            Nick Blankenburg         

Goaltenders
Starting : Jake Allen               
Backup : Alexandar Georgiev       

Extra Forwards
Normal : Colton Sissons, Cody Glass, Marcus Johansson - PP : Thomas Novak, Jeff Skinner - PK : Colton Sissons
Extra Defensemen
Normal : Joel Edmundson, J.J. Moser, Will Borgen - PP : Louis Crevier - PK : Zac Jones, Nick Blankenburg
Penalty Shots
Thomas Novak, Jeff Skinner, Marcus Johansson, Cody Glass, Radek Faksa

Scratches
Henri Jokiharju (Healthy), Josh Mahura (Healthy), Dylan Roobroeck (Healthy), Marcel Marcel (Healthy), Dylan Coghlan (Healthy)

Colorado Rockies

5 vs 5 Forward 
   Center                   Left Wing                Right Wing               Time % Phy DF OF 
 1 Tim Stutzle              Kyle Connor              Nikita Kucherov          25     0   0  5  
 2 Kyle Palmieri            Jesper Bratt             David Pastrnak           25     1   2  2  
 3 Nick Schmaltz            Michael Bunting          Kevin Hayes              25     1   2  2  
 4 Evgeny Kuznetsov         Nick Bonino              Philipp Kurashev         25     5   0  0  

5 vs 5 Defense 
   Defense                  Defense                                           Time % Phy DF OF 
 1 Victor Hedman            Martin Fehervary                                  30     1   2  2  
 2 Quinn Hughes             Andrew Peeke                                      30     1   2  2  
 3 Vince Dunn               Zach Whitecloud                                   25     1   2  2  
 4 Victor Hedman            Martin Fehervary                                  15     1   2  2  

PowerPlay Forward 
   Center                   Left Wing                Right Wing               Time % Phy DF OF 
 1 Tim Stutzle              Kyle Connor              Nikita Kucherov          50     1   2  2  
 2 Kyle Palmieri            Jesper Bratt             David Pastrnak           50     1   2  2  

PowerPlay Defense
   Defense                  Defense                                           Time % Phy DF OF 
 1 Victor Hedman            Martin Fehervary                                  50     1   2  2  
 2 Quinn Hughes             Andrew Peeke                                      50     1   2  2  

Penalty Kill 4 Players Forward 
   Center                   Wing                     Time % Phy DF OF 
 1 Nick Schmaltz            Michael Bunting          50     1   2  2  
 2 Kevin Hayes              Kyle Connor              50     1   2  2  

Penalty Kill 4 Players Defense
   Defense                  Defense                  Time % Phy DF OF 
 1 Victor Hedman            Martin Fehervary         50     1   2  2  
 2 Quinn Hughes             Andrew Peeke             50     1   2  2  

Penalty Kill - 3 Players Forward 
   Forward                                           Time % Phy DF OF 
 1 Kevin Hayes                                       50     1   2  2  
 2 Nick Schmaltz                                     50     1   2  2  

Penalty Kill - 3 Players Defense
   Defense                  Defense                  Time % Phy DF OF 
 1 Victor Hedman            Martin Fehervary         50     1   2  2  
 2 Quinn Hughes             Andrew Peeke             50     1   2  2  

4 vs 4 Forward 
   Center                   Wing                     Time % Phy DF OF 
 1 Tim Stutzle              Nikita Kucherov          50     1   2  2  
 2 Kyle Palmieri            Kyle Connor              50     1   2  2  

4 vs 4 Defense
   Defense                  Defense                  Time % Phy DF OF 
 1 Victor Hedman            Martin Fehervary         50     1   2  2  
 2 Quinn Hughes             Andrew Peeke             50     1   2  2  

Last Minutes Offensive
   Center                   Left Wing                Right Wing               Defense                  Defense                  
   Tim Stutzle              Kyle Connor              Nikita Kucherov          Victor Hedman            Martin Fehervary         

Last Minutes Defensive
   Center                   Left Wing                Right Wing               Defense                  Defense                  
   Tim Stutzle              Kyle Connor              Nikita Kucherov          Victor Hedman            Martin Fehervary         

Goaltenders
Starting : Daniil Tarasov           
Backup : Joey Daccord             

Extra Forwards
Normal : Evgeny Kuznetsov, Nick Schmaltz, Michael Bunting - PP : Evgeny Kuznetsov, Nick Schmaltz - PK : Michael Bunting
Extra Defensemen
Normal : Vince Dunn, Zach Whitecloud, Quinn Hughes - PP : Vince Dunn - PK : Zach Whitecloud, Quinn Hughes
Penalty Shots
Nikita Kucherov, Tim Stutzle, David Pastrnak, Kyle Connor, Jesper Bratt

Scratches
Timothy Liljegren (Healthy)

% Time on Ice - Philadelphia Flyers

Lines # - Real PCT - Wanted PCT - Time Play
Normal Forward
1 - 28% - 25% - 12:12
2 - 22% - 25% - 9:49
3 - 23% - 25% - 10:12
4 - 27% - 25% - 11:54
Normal Defense
1 - 32% - 35% - 14:18
2 - 39% - 35% - 17:09
3 - 29% - 30% - 12:40
4 - 0% - 0% - 0:00
PP Forward
1 - 49% - 50% - 5:20
2 - 51% - 50% - 5:27
PP Defense
1 - 56% - 50% - 6:05
2 - 44% - 50% - 4:42
PK Forward
1 - 49% - 50% - 1:51
2 - 51% - 50% - 1:57
PK Defense
1 - 38% - 50% - 1:26
2 - 62% - 50% - 2:22
PK3 Forward
1 - 0% - 50%
2 - 0% - 50%
PK3 Defense
1 - 0% - 50%
2 - 0% - 50%
44 Forward
1 - 24% - 50% - 0:19
2 - 76% - 50% - 0:59
44 Defense
1 - 63% - 50% - 0:49
2 - 37% - 50% - 0:29
Last Minute Offensive  - 0:00
Last Minute Defensive  - 0:00
Total
Forward - 60:00
Defense - 60:00

% Time on Ice - Colorado Rockies

Lines # - Real PCT - Wanted PCT - Time Play
Normal Forward
1 - 28% - 25% - 12:13
2 - 26% - 25% - 11:16
3 - 23% - 25% - 10:10
4 - 24% - 25% - 10:28
Normal Defense
1 - 29% - 30% - 12:38
2 - 29% - 30% - 12:50
3 - 34% - 25% - 15:11
4 - 8% - 15% - 3:28
PP Forward
1 - 44% - 50% - 1:40
2 - 56% - 50% - 2:08
PP Defense
1 - 47% - 50% - 1:47
2 - 53% - 50% - 2:01
PK Forward
1 - 49% - 50% - 5:16
2 - 51% - 50% - 5:31
PK Defense
1 - 47% - 50% - 5:02
2 - 53% - 50% - 5:45
PK3 Forward
1 - 0% - 50%
2 - 0% - 50%
PK3 Defense
1 - 0% - 50%
2 - 0% - 50%
44 Forward
1 - 26% - 50% - 0:20
2 - 74% - 50% - 0:58
44 Defense
1 - 91% - 50% - 1:11
2 - 9% - 50% - 0:07
Last Minute Offensive  - 0:00
Last Minute Defensive  - 0:00
Total
Forward - 60:00
Defense - 60:00

Play-by-Play

1st period


0:01 of 1st period - Colton Sissons wins face-off versus Tim Stutzle in neutral zone.
0:12 of 1st period - Snap shot by Marcus Johansson.
0:12 of 1st period - Shot Misses the Net.
0:14 of 1st period - Wrist shot by Colton Sissons.
0:14 of 1st period - Stopped by Daniil Tarasov with a rebound.
0:16 of 1st period - Slapshot by Joel Edmundson.
0:16 of 1st period - Deflect By Victor Hedman.
0:16 of 1st period - Stopped by Daniil Tarasov with a rebound.
1:07 of 1st period - Philipp Kurashev is hit by J.J. Moser and loses puck.
1:18 of 1st period - Wrist shot by Luca Del Bel Belluz.
1:18 of 1st period - Stopped by Daniil Tarasov with a rebound.
1:20 of 1st period - Snap shot by Luca Del Bel Belluz.
1:20 of 1st period - Stopped by Daniil Tarasov without a rebound.
1:21 of 1st period - Nick Schmaltz wins face-off versus Cody Glass in Colorado Rockies zone.
2:51 of 1st period - Jeff Skinner is hit by Michael Bunting and loses puck.
3:36 of 1st period - Slapshot by Radek Faksa.
3:36 of 1st period - Shot Blocked by Andrew Peeke.
3:48 of 1st period - Snap shot by Luca Del Bel Belluz.
3:48 of 1st period - Stopped by Daniil Tarasov with a rebound.
3:59 of 1st period - Minor Penalty to Nick Bonino for Interference.
4:00 of 1st period - Luca Del Bel Belluz wins face-off versus Nick Schmaltz in Colorado Rockies zone.
5:59 of 1st period - Penalty to Nick Bonino is over, Nick Bonino is back on ice.
6:28 of 1st period - Radek Faksa is hit by Jesper Bratt and loses puck.
6:57 of 1st period - J.J. Moser is hit by Philipp Kurashev and loses puck.
7:24 of 1st period - J.J. Moser is hit by Tim Stutzle and loses puck.
7:35 of 1st period - Martin Fehervary is hit by Nick Blankenburg and loses puck.
8:53 of 1st period - Icing by Michael Bunting.
8:54 of 1st period - Radek Faksa wins face-off versus Nick Bonino in Colorado Rockies zone.
9:23 of 1st period - Snap shot by Kyle Palmieri.
9:23 of 1st period - Stopped by Jake Allen with a rebound.
9:43 of 1st period - Snap shot by Jeff Skinner.
9:43 of 1st period - Stopped by Daniil Tarasov with a rebound.
9:45 of 1st period - Snap shot by Brandon Duhaime.
9:45 of 1st period - Shot Misses the Net.
9:47 of 1st period - Wrist shot by Jeff Skinner.
9:47 of 1st period - Goal by Jeff Skinner - Philadelphia Flyers : 1 - Colorado Rockies : 0.
9:48 of 1st period - Nick Schmaltz wins face-off versus Luca Del Bel Belluz in neutral zone.
9:50 of 1st period - Minor Penalty to Victor Hedman for Slashing.
9:51 of 1st period - Cody Glass wins face-off versus Kevin Hayes in Colorado Rockies zone.
9:57 of 1st period - Snap shot by Jeff Skinner.
9:57 of 1st period - Stopped by Daniil Tarasov with a rebound.
9:59 of 1st period - Slapshot by Nick Blankenburg.
9:59 of 1st period - Shot Misses the Net.
10:01 of 1st period - Slapshot by Louis Crevier.
10:01 of 1st period - Goal by Louis Crevier - Philadelphia Flyers : 2 - Colorado Rockies : 0.
10:02 of 1st period - Luca Del Bel Belluz wins face-off versus Tim Stutzle in neutral zone.
10:05 of 1st period - Wrist shot by Luca Del Bel Belluz.
10:05 of 1st period - Shot Misses the Net.
10:15 of 1st period - Snap shot by Luca Del Bel Belluz.
10:15 of 1st period - Stopped by Daniil Tarasov with a rebound.
10:31 of 1st period - Wrist shot by Marcus Johansson.
10:31 of 1st period - Stopped by Daniil Tarasov with a rebound.
10:33 of 1st period - Wrist shot by Nick Blankenburg.
10:33 of 1st period - Shot Blocked by Martin Fehervary.
10:39 of 1st period - Snap shot by Marcus Johansson.
10:39 of 1st period - Deflect By Thomas Novak.
10:39 of 1st period - Goal by Thomas Novak - Philadelphia Flyers : 3 - Colorado Rockies : 0.
10:40 of 1st period - Radek Faksa wins face-off versus Kyle Palmieri in neutral zone.
10:43 of 1st period - Jesper Bratt is hit by Nick Blankenburg and loses puck.
11:19 of 1st period - Wrist shot by Michael Bunting.
11:19 of 1st period - Stopped by Jake Allen with a rebound.
11:47 of 1st period - Joel Edmundson is hit by Evgeny Kuznetsov and loses puck.
12:39 of 1st period - Wrist shot by Jesper Bratt.
12:39 of 1st period - Stopped by Jake Allen without a rebound.
12:40 of 1st period - Nick Schmaltz wins face-off versus Radek Faksa in Philadelphia Flyers zone.
12:41 of 1st period - Snap shot by Michael Bunting.
12:41 of 1st period - Stopped by Jake Allen without a rebound.
12:42 of 1st period - Nick Schmaltz wins face-off versus Radek Faksa in Philadelphia Flyers zone.
13:04 of 1st period - Icing by Michael Bunting.
13:05 of 1st period - Nick Schmaltz wins face-off versus Brandon Duhaime in Colorado Rockies zone.
13:05 of 1st period - Nick Schmaltz is hit by Cody Glass.
13:13 of 1st period - Backhand shot by Jesper Bratt.
13:13 of 1st period - Shot Misses the Net.
13:15 of 1st period - Wrist shot by Jesper Bratt.
13:15 of 1st period - Deflect By Kyle Palmieri.
13:15 of 1st period - Stopped by Jake Allen without a rebound.
13:16 of 1st period - Jesper Bratt wins face-off versus Casey Cizikas in Philadelphia Flyers zone.
13:29 of 1st period - Snap shot by Luca Del Bel Belluz.
13:29 of 1st period - Stopped by Daniil Tarasov with a rebound.
13:39 of 1st period - Snap shot by David Pastrnak.
13:39 of 1st period - Shot Misses the Net.
14:32 of 1st period - Joel Edmundson is hit by Quinn Hughes and loses puck.
14:55 of 1st period - Slapshot by Colton Sissons.
14:55 of 1st period - Shot Blocked by Michael Bunting.
14:59 of 1st period - Slapshot by Colton Sissons.
14:59 of 1st period - Shot Misses the Net.
15:01 of 1st period - Snap shot by Marcus Johansson.
15:01 of 1st period - Shot Misses the Net.
15:03 of 1st period - Slapshot by Nick Blankenburg.
15:03 of 1st period - Shot Blocked by Quinn Hughes.
15:07 of 1st period - Snap shot by Colton Sissons.
15:07 of 1st period - Stopped by Daniil Tarasov with a rebound.
15:09 of 1st period - Wrist shot by Colton Sissons.
15:09 of 1st period - Shot Blocked by Andrew Peeke.
15:11 of 1st period - Slapshot by J.J. Moser.
15:11 of 1st period - Shot Blocked by Andrew Peeke.
15:55 of 1st period - Snap shot by Colton Sissons.
15:55 of 1st period - Deflect By Marcus Johansson.
15:55 of 1st period - Shot Blocked by Michael Bunting.
15:55 of 1st period - Puck is out of play.
15:56 of 1st period - Luca Del Bel Belluz wins face-off versus Evgeny Kuznetsov in Colorado Rockies zone.
16:11 of 1st period - Wrist shot by Philipp Kurashev.
16:11 of 1st period - Deflect By Nick Bonino.
16:11 of 1st period - Shot Misses the Net.
16:11 of 1st period - Puck is out of play.
16:12 of 1st period - Radek Faksa wins face-off versus Tim Stutzle in Philadelphia Flyers zone.
16:14 of 1st period - Minor Penalty to Miles Wood for Tripping.
16:15 of 1st period - Tim Stutzle wins face-off versus Radek Faksa in Philadelphia Flyers zone.
16:17 of 1st period - Wrist shot by Tim Stutzle.
16:17 of 1st period - Shot Misses the Net.
16:27 of 1st period - Snap shot by Nikita Kucherov.
16:27 of 1st period - Stopped by Jake Allen with a rebound.
16:29 of 1st period - Wrist shot by Kyle Connor.
16:29 of 1st period - Shot Blocked by Jack McBain.
16:31 of 1st period - Slapshot by Victor Hedman.
16:31 of 1st period - Shot Hit the Post.
18:14 of 1st period - Penalty to Miles Wood is over, Miles Wood is back on ice.
18:22 of 1st period - Slapshot by Colton Sissons.
18:22 of 1st period - Shot Blocked by Martin Fehervary.
18:34 of 1st period - Slapshot by Jeff Skinner.
18:34 of 1st period - Deflect By Marcus Johansson.
18:34 of 1st period - Shot Blocked by Kyle Palmieri.
18:34 of 1st period - Puck is out of play.
18:35 of 1st period - Cody Glass wins face-off versus Evgeny Kuznetsov in Colorado Rockies zone.
18:44 of 1st period - Wrist shot by Jeff Skinner.
18:44 of 1st period - Shot Misses the Net.
18:46 of 1st period - Snap shot by Jeff Skinner.
18:46 of 1st period - Shot Misses the Net.
18:48 of 1st period - Wrist shot by Jeff Skinner.
18:48 of 1st period - Deflect By Marcus Johansson.
18:48 of 1st period - Shot Blocked by Vince Dunn.
18:48 of 1st period - Puck is out of play.
18:49 of 1st period - Radek Faksa wins face-off versus Tim Stutzle in Colorado Rockies zone.
19:14 of 1st period - Casey Cizikas is hit by Zach Whitecloud and loses puck.
19:19 of 1st period - Slapshot by Quinn Hughes.
19:19 of 1st period - Stopped by Jake Allen with a rebound.
19:21 of 1st period - Slapshot by Andrew Peeke.
19:21 of 1st period - Shot Misses the Net.
19:23 of 1st period - Snap shot by Philipp Kurashev.
19:23 of 1st period - Stopped by Jake Allen with a rebound.
19:33 of 1st period - Jack McBain is hit by Michael Bunting and loses puck.
19:40 of 1st period - Snap shot by Michael Bunting.
19:40 of 1st period - Stopped by Jake Allen without a rebound.
19:41 of 1st period - Radek Faksa wins face-off versus Tim Stutzle in Philadelphia Flyers zone.
19:56 of 1st period - Snap shot by Nikita Kucherov.
19:56 of 1st period - Stopped by Jake Allen with a rebound.
19:58 of 1st period - Slapshot by Victor Hedman.
19:58 of 1st period - Deflect By Nikita Kucherov.
19:58 of 1st period - Shot Blocked by Juuso Parssinen.
19:58 of 1st period - Puck is out of play.
19:59 of 1st period - Kyle Palmieri wins face-off versus Cody Glass in Philadelphia Flyers zone.
Goals for this period are 3 for Philadelphia Flyers vs 0 for Colorado Rockies.
Shots for this period are 14 for Philadelphia Flyers vs 10 for Colorado Rockies.

2nd period


0:01 of 2nd period - Cody Glass wins face-off versus Kyle Palmieri in neutral zone.
0:04 of 2nd period - Jeff Skinner is hit by David Pastrnak.
0:14 of 2nd period - Wrist shot by David Pastrnak.
0:14 of 2nd period - Shot Misses the Net.
0:16 of 2nd period - Slapshot by Victor Hedman.
0:16 of 2nd period - Stopped by Jake Allen without a rebound.
0:17 of 2nd period - Tim Stutzle wins face-off versus Radek Faksa in Philadelphia Flyers zone.
0:26 of 2nd period - Snap shot by Nick Blankenburg.
0:26 of 2nd period - Shot Misses the Net.
1:25 of 2nd period - Minor Penalty to Joel Edmundson for Interference.
1:26 of 2nd period - Radek Faksa wins face-off versus Tim Stutzle in Philadelphia Flyers zone.
1:26 of 2nd period - Radek Faksa is hit by Kyle Connor.
1:42 of 2nd period - Snap shot by Quinn Hughes.
1:42 of 2nd period - Stopped by Jake Allen with a rebound.
2:21 of 2nd period - Icing by David Pastrnak.
2:22 of 2nd period - Colton Sissons wins face-off versus Tim Stutzle in Colorado Rockies zone.
2:33 of 2nd period - Wrist shot by Nikita Kucherov.
2:33 of 2nd period - Goal by Nikita Kucherov - Philadelphia Flyers : 3 - Colorado Rockies : 1.
2:34 of 2nd period - Luca Del Bel Belluz wins face-off versus Evgeny Kuznetsov in neutral zone.
2:39 of 2nd period - Snap shot by Jack McBain.
2:39 of 2nd period - Stopped by Daniil Tarasov with a rebound.
2:46 of 2nd period - Off-side.
2:47 of 2nd period - Tim Stutzle wins face-off versus Radek Faksa in neutral zone.
2:56 of 2nd period - Wrist shot by Nikita Kucherov.
2:56 of 2nd period - Stopped by Jake Allen without a rebound.
2:57 of 2nd period - Radek Faksa wins face-off versus Tim Stutzle in Philadelphia Flyers zone.
3:03 of 2nd period - Off-side.
3:04 of 2nd period - Cody Glass wins face-off versus Evgeny Kuznetsov in neutral zone.
3:09 of 2nd period - Wrist shot by Brandon Duhaime.
3:09 of 2nd period - Shot Misses the Net.
3:11 of 2nd period - Snap shot by Will Borgen.
3:11 of 2nd period - Stopped by Daniil Tarasov with a rebound.
3:13 of 2nd period - Snap shot by Brandon Duhaime.
3:13 of 2nd period - Stopped by Daniil Tarasov with a rebound.
3:15 of 2nd period - Slapshot by Louis Crevier.
3:15 of 2nd period - Deflect By Jeff Skinner.
3:15 of 2nd period - Shot Misses the Net.
3:15 of 2nd period - Puck is out of play.
3:16 of 2nd period - Luca Del Bel Belluz wins face-off versus Kyle Palmieri in Colorado Rockies zone.
3:17 of 2nd period - Snap shot by Jack McBain.
3:17 of 2nd period - Shot Blocked by Jesper Bratt.
3:19 of 2nd period - Snap shot by Jack McBain.
3:19 of 2nd period - Stopped by Daniil Tarasov without a rebound.
3:20 of 2nd period - Luca Del Bel Belluz wins face-off versus David Pastrnak in Colorado Rockies zone.
4:24 of 2nd period - Icing by Kyle Connor.
4:25 of 2nd period - Colton Sissons wins face-off versus Evgeny Kuznetsov in Colorado Rockies zone.
4:39 of 2nd period - Icing by Marcus Johansson.
4:40 of 2nd period - Colton Sissons wins face-off versus Nick Schmaltz in Philadelphia Flyers zone.
4:45 of 2nd period - Snap shot by Colton Sissons.
4:45 of 2nd period - Stopped by Daniil Tarasov with a rebound.
4:47 of 2nd period - Slapshot by Will Borgen.
4:47 of 2nd period - Stopped by Daniil Tarasov with a rebound.
4:49 of 2nd period - Slapshot by Colton Sissons.
4:49 of 2nd period - Shot Misses the Net.
4:51 of 2nd period - Snap shot by Will Borgen.
4:51 of 2nd period - Stopped by Daniil Tarasov with a rebound.
4:53 of 2nd period - Snap shot by Thomas Novak.
4:53 of 2nd period - Shot Misses the Net.
4:55 of 2nd period - Snap shot by Marcus Johansson.
4:55 of 2nd period - Deflect By Colton Sissons.
4:55 of 2nd period - Deflect By Kevin Hayes.
4:55 of 2nd period - Stopped by Daniil Tarasov with a rebound.
4:57 of 2nd period - Snap shot by Colton Sissons.
4:57 of 2nd period - Shot Blocked by Martin Fehervary.
4:59 of 2nd period - Wrist shot by Marcus Johansson.
4:59 of 2nd period - Deflect By Thomas Novak.
4:59 of 2nd period - Stopped by Daniil Tarasov with a rebound.
5:01 of 2nd period - Slapshot by Louis Crevier.
5:01 of 2nd period - Shot Misses the Net.
5:03 of 2nd period - Slapshot by Will Borgen.
5:03 of 2nd period - Shot Blocked by Martin Fehervary.
5:05 of 2nd period - Slapshot by Louis Crevier.
5:05 of 2nd period - Stopped by Daniil Tarasov without a rebound.
5:06 of 2nd period - Luca Del Bel Belluz wins face-off versus Kyle Palmieri in Colorado Rockies zone.
5:10 of 2nd period - Minor Penalty to David Pastrnak for Tripping.
5:11 of 2nd period - Luca Del Bel Belluz wins face-off versus Nick Schmaltz in Colorado Rockies zone.
5:11 of 2nd period - Snap shot by Thomas Novak.
5:11 of 2nd period - Shot Hit the Post.
5:51 of 2nd period - Minor Penalty to Nick Blankenburg for Delaying the game.
5:52 of 2nd period - Tim Stutzle wins face-off versus Colton Sissons in Philadelphia Flyers zone.
6:07 of 2nd period - Snap shot by Thomas Novak.
6:07 of 2nd period - Shot Misses the Net.
6:17 of 2nd period - Jeff Skinner is hit by Victor Hedman and loses puck.
6:34 of 2nd period - Victor Hedman is hit by Will Borgen and loses puck.
7:10 of 2nd period - Penalty to David Pastrnak is over, David Pastrnak is back on ice.
7:22 of 2nd period - Slapshot by David Pastrnak.
7:22 of 2nd period - Shot Blocked by J.J. Moser.
7:24 of 2nd period - Slapshot by Andrew Peeke.
7:24 of 2nd period - Stopped by Jake Allen with a rebound.
7:26 of 2nd period - Slapshot by Kyle Connor.
7:26 of 2nd period - Shot Blocked by Jeff Skinner.
7:30 of 2nd period - Slapshot by Kyle Connor.
7:30 of 2nd period - Stopped by Jake Allen with a rebound.
7:32 of 2nd period - Wrist shot by Kyle Connor.
7:32 of 2nd period - Stopped by Jake Allen with a rebound.
7:50 of 2nd period - Slapshot by Quinn Hughes.
7:50 of 2nd period - Stopped by Jake Allen without a rebound.
7:51 of 2nd period - Penalty to Nick Blankenburg is over, Nick Blankenburg is back on ice.
7:51 of 2nd period - Evgeny Kuznetsov wins face-off versus Luca Del Bel Belluz in Philadelphia Flyers zone.
8:06 of 2nd period - Backhand shot by Jack McBain.
8:06 of 2nd period - Deflect By Vince Dunn.
8:06 of 2nd period - Stopped by Daniil Tarasov without a rebound.
8:07 of 2nd period - Radek Faksa wins face-off versus Nick Schmaltz in Colorado Rockies zone.
8:08 of 2nd period - Snap shot by Miles Wood.
8:08 of 2nd period - Stopped by Daniil Tarasov without a rebound.
8:09 of 2nd period - Radek Faksa wins face-off versus Nick Schmaltz in Colorado Rockies zone.
8:10 of 2nd period - Snap shot by Miles Wood.
8:10 of 2nd period - Stopped by Daniil Tarasov with a rebound.
8:42 of 2nd period - Wrist shot by Nick Blankenburg.
8:42 of 2nd period - Shot Misses the Net.
8:44 of 2nd period - Slapshot by Jack McBain.
8:44 of 2nd period - Shot Misses the Net.
8:46 of 2nd period - Slapshot by Joel Edmundson.
8:46 of 2nd period - Shot Misses the Net.
8:56 of 2nd period - Thomas Novak is hit by Nikita Kucherov and loses puck.
9:22 of 2nd period - Minor Penalty to Michael Bunting for Tripping.
9:23 of 2nd period - Luca Del Bel Belluz wins face-off versus Nick Schmaltz in Colorado Rockies zone.
9:53 of 2nd period - Wrist shot by Joel Edmundson.
9:53 of 2nd period - Shot Misses the Net.
9:55 of 2nd period - Slapshot by Cody Glass.
9:55 of 2nd period - Stopped by Daniil Tarasov with a rebound.
9:57 of 2nd period - Snap shot by Zac Jones.
9:57 of 2nd period - Stopped by Daniil Tarasov without a rebound.
9:58 of 2nd period - Kevin Hayes wins face-off versus Luca Del Bel Belluz in Colorado Rockies zone.
10:17 of 2nd period - Nick Schmaltz is hit by Thomas Novak.
10:57 of 2nd period - Jesper Bratt is hit by Jeff Skinner and loses puck.
11:22 of 2nd period - Penalty to Michael Bunting is over, Michael Bunting is back on ice.
11:44 of 2nd period - Radek Faksa is hit by Jesper Bratt and loses puck.
11:59 of 2nd period - Slapshot by Miles Wood.
11:59 of 2nd period - Shot Misses the Net.
12:01 of 2nd period - Wrist shot by Miles Wood.
12:01 of 2nd period - Shot Blocked by Vince Dunn.
13:24 of 2nd period - Nick Schmaltz is hit by Juuso Parssinen and loses puck.
13:33 of 2nd period - Wrist shot by Juuso Parssinen.
13:33 of 2nd period - Stopped by Daniil Tarasov without a rebound.
13:34 of 2nd period - Cody Glass wins face-off versus Evgeny Kuznetsov in Colorado Rockies zone.
13:44 of 2nd period - Minor Penalty to Evgeny Kuznetsov for Tripping.
13:45 of 2nd period - Cody Glass wins face-off versus Kevin Hayes in Colorado Rockies zone.
15:37 of 2nd period - Kyle Palmieri is hit by Zac Jones.
15:44 of 2nd period - Penalty to Evgeny Kuznetsov is over, Evgeny Kuznetsov is back on ice.
18:02 of 2nd period - Nikita Kucherov is hit by Zac Jones and loses puck.
18:25 of 2nd period - Martin Fehervary is hit by Jeff Skinner and loses puck.
Goals for this period are 0 for Philadelphia Flyers vs 1 for Colorado Rockies.
Shots for this period are 16 for Philadelphia Flyers vs 8 for Colorado Rockies.

3rd period


0:01 of 3rd period - Cody Glass wins face-off versus Kyle Palmieri in neutral zone.
0:04 of 3rd period - Snap shot by Cody Glass.
0:04 of 3rd period - Stopped by Daniil Tarasov with a rebound.
0:06 of 3rd period - Minor Penalty to Quinn Hughes for High sticking.
0:07 of 3rd period - Nick Schmaltz wins face-off versus Luca Del Bel Belluz in Colorado Rockies zone.
0:16 of 3rd period - Slapshot by Nick Blankenburg.
0:16 of 3rd period - Shot Blocked by Martin Fehervary.
0:18 of 3rd period - Slapshot by Thomas Novak.
0:18 of 3rd period - Shot Misses the Net.
0:20 of 3rd period - Wrist shot by Luca Del Bel Belluz.
0:20 of 3rd period - Stopped by Daniil Tarasov with a rebound.
0:22 of 3rd period - Slapshot by Louis Crevier.
0:22 of 3rd period - Shot Blocked by Martin Fehervary.
0:49 of 3rd period - Jeff Skinner is hit by Kevin Hayes.
1:05 of 3rd period - Zac Jones is hit by Kevin Hayes and loses puck.
1:40 of 3rd period - Zach Whitecloud is hit by Colton Sissons and loses puck.
2:06 of 3rd period - Penalty to Quinn Hughes is over, Quinn Hughes is back on ice.
2:07 of 3rd period - Martin Fehervary is hit by Juuso Parssinen and loses puck.
2:28 of 3rd period - Slapshot by Jesper Bratt.
2:28 of 3rd period - Shot Blocked by Louis Crevier.
2:30 of 3rd period - Wrist shot by Jesper Bratt.
2:30 of 3rd period - Shot Blocked by Will Borgen.
2:32 of 3rd period - Snap shot by Quinn Hughes.
2:32 of 3rd period - Stopped by Jake Allen without a rebound.
2:33 of 3rd period - Radek Faksa wins face-off versus Evgeny Kuznetsov in Philadelphia Flyers zone.
2:33 of 3rd period - Radek Faksa is hit by Philipp Kurashev.
2:51 of 3rd period - Snap shot by Nick Schmaltz.
2:51 of 3rd period - Shot Misses the Net.
3:05 of 3rd period - Wrist shot by Nikita Kucherov.
3:05 of 3rd period - Stopped by Jake Allen without a rebound.
3:06 of 3rd period - Cody Glass wins face-off versus Tim Stutzle in Philadelphia Flyers zone.
3:33 of 3rd period - Kyle Palmieri is hit by Marcus Johansson and loses puck.
3:57 of 3rd period - Minor Penalty to Michael Bunting for Slashing.
3:58 of 3rd period - Nick Schmaltz wins face-off versus Luca Del Bel Belluz in Colorado Rockies zone.
3:58 of 3rd period - Nick Schmaltz is hit by Louis Crevier.
4:30 of 3rd period - Kyle Connor is hit by Jeff Skinner and loses puck.
5:57 of 3rd period - Penalty to Michael Bunting is over, Michael Bunting is back on ice.
6:01 of 3rd period - Quinn Hughes is hit by Zac Jones and loses puck.
6:16 of 3rd period - Zac Jones is hit by Philipp Kurashev and loses puck.
6:38 of 3rd period - Slapshot by Nick Schmaltz.
6:38 of 3rd period - Shot Misses the Net.
6:52 of 3rd period - Kyle Palmieri is hit by Jack McBain and loses puck.
7:04 of 3rd period - Off-side.
7:05 of 3rd period - Cody Glass wins face-off versus Evgeny Kuznetsov in neutral zone.
7:16 of 3rd period - Wrist shot by Jeff Skinner.
7:16 of 3rd period - Deflect By Cody Glass.
7:16 of 3rd period - Stopped by Daniil Tarasov with a rebound.
7:18 of 3rd period - Slapshot by Joel Edmundson.
7:18 of 3rd period - Stopped by Daniil Tarasov without a rebound.
7:19 of 3rd period - Luca Del Bel Belluz wins face-off versus Nick Schmaltz in Colorado Rockies zone.
7:45 of 3rd period - Martin Fehervary is hit by Brandon Duhaime and loses puck.
7:56 of 3rd period - Vince Dunn is hit by Cody Glass and loses puck.
8:19 of 3rd period - Slapshot by Vince Dunn.
8:19 of 3rd period - Stopped by Jake Allen with a rebound.
8:53 of 3rd period - Backhand shot by Nick Schmaltz.
8:53 of 3rd period - Shot Misses the Net.
9:03 of 3rd period - Wrist shot by Radek Faksa.
9:03 of 3rd period - Stopped by Daniil Tarasov with a rebound.
9:05 of 3rd period - Snap shot by Juuso Parssinen.
9:05 of 3rd period - Stopped by Daniil Tarasov without a rebound.
9:06 of 3rd period - Luca Del Bel Belluz wins face-off versus Kyle Palmieri in Colorado Rockies zone.
10:04 of 3rd period - Wrist shot by Evgeny Kuznetsov.
10:04 of 3rd period - Shot Misses the Net.
10:38 of 3rd period - Wrist shot by Marcus Johansson.
10:38 of 3rd period - Stopped by Daniil Tarasov with a rebound.
10:58 of 3rd period - Snap shot by Marcus Johansson.
10:58 of 3rd period - Stopped by Daniil Tarasov without a rebound.
10:59 of 3rd period - Luca Del Bel Belluz wins face-off versus Nick Schmaltz in Colorado Rockies zone.
11:04 of 3rd period - Wrist shot by Casey Cizikas.
11:04 of 3rd period - Shot Misses the Net.
11:33 of 3rd period - Snap shot by Brandon Duhaime.
11:33 of 3rd period - Shot Blocked by Zach Whitecloud.
11:51 of 3rd period - Vince Dunn is hit by Juuso Parssinen.
12:09 of 3rd period - Philipp Kurashev is hit by Joel Edmundson and loses puck.
12:18 of 3rd period - Slapshot by Victor Hedman.
12:18 of 3rd period - Deflect By Joel Edmundson.
12:18 of 3rd period - Stopped by Jake Allen without a rebound.
12:19 of 3rd period - Kyle Palmieri wins face-off versus Cody Glass in Philadelphia Flyers zone.
12:46 of 3rd period - Michael Bunting is hit by Jack McBain and loses puck.
13:09 of 3rd period - Snap shot by Nikita Kucherov.
13:09 of 3rd period - Shot Misses the Net.
13:11 of 3rd period - Snap shot by Tim Stutzle.
13:11 of 3rd period - Shot Blocked by Zac Jones.
13:13 of 3rd period - Wrist shot by Kyle Connor.
13:13 of 3rd period - Stopped by Jake Allen with a rebound.
13:15 of 3rd period - Slapshot by Victor Hedman.
13:15 of 3rd period - Stopped by Jake Allen with a rebound.
14:12 of 3rd period - Wrist shot by Jack McBain.
14:12 of 3rd period - Shot Blocked by Nikita Kucherov.
14:38 of 3rd period - Vince Dunn is hit by Marcus Johansson and loses puck.
14:57 of 3rd period - Snap shot by Jesper Bratt.
14:57 of 3rd period - Stopped by Jake Allen with a rebound.
14:59 of 3rd period - Slapshot by David Pastrnak.
14:59 of 3rd period - Stopped by Jake Allen with a rebound.
15:01 of 3rd period - Slapshot by Zach Whitecloud.
15:01 of 3rd period - Shot Blocked by Radek Faksa.
15:03 of 3rd period - Slapshot by Vince Dunn.
15:03 of 3rd period - Stopped by Jake Allen without a rebound.
15:04 of 3rd period - Nick Schmaltz wins face-off versus Luca Del Bel Belluz in Philadelphia Flyers zone.
16:05 of 3rd period - Nick Blankenburg is hit by Kyle Palmieri and loses puck.
16:16 of 3rd period - Wrist shot by Jeff Skinner.
16:16 of 3rd period - Shot Blocked by Nick Bonino.
17:25 of 3rd period - Snap shot by Juuso Parssinen.
17:25 of 3rd period - Shot Misses the Net.
17:27 of 3rd period - Slapshot by Juuso Parssinen.
17:27 of 3rd period - Stopped by Daniil Tarasov with a rebound.
18:13 of 3rd period - J.J. Moser is hit by Victor Hedman and loses puck.
19:23 of 3rd period - Michael Bunting is hit by Cody Glass.
19:51 of 3rd period - Thomas Novak is hit by Michael Bunting and loses puck.
Goals for this period are 0 for Philadelphia Flyers vs 0 for Colorado Rockies.
Shots for this period are 9 for Philadelphia Flyers vs 9 for Colorado Rockies.